 Dungeon Crawl Stone Soup version 0.18.1-5-g4a78601 (webtiles) character file.

7 Implojin the Insei (level 1, -1/18 HPs)
             Began as a Mummy Monk on May 14, 2016.
             Slain by a hobgoblin
             ... wielding a +0 club
              (4 damage)
             ... on level 1 of the Dungeon.
             The game lasted 00:01:34 (559 turns).

Implojin the Insei (Mummy Monk)                      Turns: 559, Time: 00:01:35

Health: -1/18      AC:  0    Str: 14    XL:     1   Next: 91%
Magic:  1/1        EV: 13    Int:  9    God:
Gold:   34         SH:  0    Dex: 14    Spells: 0 memorised, 0 levels left

rFire  x . .     SeeInvis .       - Unarmed
rCold  + . .     Gourm    .     (no armour)
rNeg   + + +     Faith    .     (no shield)
rPois  ∞         Spirit   .     (no helmet)
rElec  .         Dismiss  .     (no cloak)
rCorr  .         Reflect  .     (no gloves)
SustAt .         Harm     .     (no boots)
MR     .....                    (no amulet)
Stlth  ++........               (no ring)
                                (no ring)

@: not resistant to hostile enchantments, unstealthy
A: no food or potions, fire vulnerability, cold resistance 1, negative energy
resistance 3, torment resistance, unbreathing
a: no special abilities


You were on level 1 of the Dungeon.
You were not hungry.

You visited 1 branch of the dungeon, and saw 1 of its levels.

You collected 34 gold pieces.

Inventory:

Scrolls
 a - a scroll of immolation {unknown}
 b - a scroll of identify {unknown}


   Skills:
 - Level 3.0 Fighting
 - Level 2.4 Dodging
 - Level 1.5 Stealth
 * Level 3.6 Unarmed Combat


You couldn't memorise any spells.
You didn't know any spells.

Dungeon Overview and Level Annotations

Branches:
Dungeon (1/15)

Altars:


Innate Abilities, Weirdness & Mutations

You do not eat or drink.
Your flesh is vulnerable to fire.
You are immune to poison.
Your flesh is cold resistant.
You are immune to negative energy.
You are immune to unholy pain and torment.
You can survive without breathing.


Message History

The goblin barely misses you.
You closely miss the goblin. The goblin closely misses you.
You closely miss the goblin. The goblin hits you with a dagger.
You hit the goblin.
The goblin is moderately wounded.
You barely miss the goblin.
The goblin is moderately wounded.
The goblin hits you with a dagger.
You completely miss the goblin.
The goblin is moderately wounded.
The goblin hits you with a dagger.
* * * LOW HITPOINT WARNING * * *
You hit the goblin.
You kill the goblin!
Things that are here:
a dagger; a goblin corpse You start resting.
A hobgoblin comes into view. It is wielding a club.
The hobgoblin picks up a runed ring mail.
The hobgoblin wears a runed ring mail.
The hobgoblin shouts!
You hit the hobgoblin.
The hobgoblin is moderately wounded.
The hobgoblin hits you with a club.
* * * LOW HITPOINT WARNING * * *
You hit the hobgoblin but do no damage.
The hobgoblin is moderately wounded.
The hobgoblin closely misses you.
You closely miss the hobgoblin.
The hobgoblin is moderately wounded.
The hobgoblin hits you with a club.
* * * LOW HITPOINT WARNING * * *
Found 15 stones.
You hit the hobgoblin but do no damage.
The hobgoblin is lightly wounded.
The hobgoblin hits you with a club.
* * * LOW HITPOINT WARNING * * *
A giant cockroach comes into view.
The hobgoblin hits you with a club.
You die...

.#.##†..###########
.........'..........
#.#.#....##.#....# #
#.......#....# .#
...............# #.#
#.#.#.####..#..# #.#
#.#.#..........# #.#
. #...........## #.#
.###..#.##@#######.#
###s......g.......#
#.................#
..#....##.#######.#
#.#..............(#
...#.#.##.#########
#................
#...##.##.#######
#.. #.##.#


You could see a giant cockroach (wandering) and a hobgoblin.

Vanquished Creatures
  A giant gecko (D:1)
  3 goblins (D:1)
  A kobold (D:1)
5 creatures vanquished.

Notes
Turn   | Place    | Note
--------------------------------------------------------------
     0 | D:1      | Implojin the Mummy Monk began the quest for the Orb.
     0 | D:1      | Reached XP level 1. HP: 18/18 MP: 1/1
    57 | D:1      | Noticed a big kobold
    57 | D:1      | Noticed a big kobold
    58 | D:1      | Noticed a big kobold
    59 | D:1      | Noticed a big kobold
   559 | D:1      | Slain by a hobgoblin

Action                   || total
-------------------------++-------
Melee: Unarmed           ||    24
 Stab: Sleeping          ||     1
Dodge: Dodged            ||    13

Table legend:
 A = Turns spent in this place as a percentage of turns spent in the entire game.
 B = Non-inter-level travel turns spent in this place as a percentage of non-inter-level travel turns spent in the entire game.
 C = Inter-level travel turns spent in this place as a percentage of turns spent in this place.
 D = Turns resting spent in this place as a percentage of non-inter-level travel turns spent in this place.
 E = Turns spent auto-exploring this place as a percentage of non-inter-level travel turns spent in this place.
 F = Non-inter-level travel turns spent in this place divided by the number of levels of this place that you've seen.
                   A       B       C       D       E      F
               +-------+-------+-------+-------+-------+----------------------
         Total | 100.0 | 100.0 |   0.0 |   2.5 |   3.1 | 160.0
       Dungeon | 100.0 | 100.0 |   0.0 |   2.5 |   3.1 | 160.0
               +-------+-------+-------+-------+-------+----------------------

Table legend:
 A = Kills in this place as a percentage of kills in entire the game.
 B = Kills by you in this place as a percentage of kills by you in the entire game.
 C = Kills by friends in this place as a percentage of kills by friends in the entire game.
 D = Other kills in this place as a percentage of other kills in the entire game.
 E = Experience gained in this place as a percentage of experience gained in the entire game.
 F = Experience gained in this place divided by the number of levels of this place that you have seen.
                   A       B       C       D       E      F
               +-------+-------+-------+-------+-------+----------------------
         Total | 100.0 | 100.0 |  -nan |  -nan | 100.0 |  11.0
       Dungeon | 100.0 | 100.0 |  -nan |  -nan | 100.0 |  11.0
               +-------+-------+-------+-------+-------+----------------------
